Map: Romanticide LE

Players

DPGDark (Dark) - Winner!

  • Race: Zerg Zerg
  • League: Master
  • Spawn Location: 11:00

PartinG

  • Race: Protoss Protoss
  • League: Grandmaster
  • Spawn Location: 5:00

Event: TSL 6

VOD

Have the link to the VOD?

Description

Time

  • Played on: Dec. 13, 2020, 10:51 a.m.
  • Length: 16:34

All games in this series

Show
View Real Time Build Order
Export as new Build Order

DPGDark Zerg - Winner!

Build Orders: Hatch First, Lurkers, Roach Hydra 

Get SALT Encoding   

  12  0:00  Drone  
  13  0:13  Overlord  
  13  0:17  Drone  
  14  0:31  Drone x2  
  16  0:48  Drone x2  
  18  0:57  Hatchery  
  18  1:00  Drone  
  18  1:02  Extractor  
  17  1:14  Spawning Pool  
  17  1:16  Drone  
  17  1:20  Drone  
  18  1:30  Drone  
  19  1:39  Drone  
  20  1:52  Hatchery  
  19  1:55  Drone  
  20  2:03  Metabolic Boost  
  20  2:08  Drone  
  20  2:12  Queen  
  23  2:17  Drone  
  23  2:19  Drone  
  25  2:25  Overlord  
  25  2:31  Drone  
  25  2:34  Drone  
  27  2:41  Zergling x2  
  27  2:43  Queen  
  31  2:44  Zergling x2  
  31  2:46  Zergling x2  
  32  2:52  Queen  
  32  2:57  Drone  
  35  2:59  Drone  
  35  3:04  Drone  
  35  3:05  Drone x2  
  38  3:13  Spore Crawler  
  38  3:16  Drone x2  
  38  3:17  Drone  
  41  3:25  Overlord  
  41  3:32  Roach Warren  
  41  3:33  Spore Crawler, Queen  
  41  3:34  Spore Crawler  
  41  3:35  Drone  
  41  3:38  Overlord  
  41  3:45  Drone  
  41  3:46  Drone x3  
  45  3:49  Drone  
  45  3:52  Overlord  
  46  3:56  Drone x2  
  46  3:57  Extractor  
  46  3:59  Drone x2  
  49  4:05  Overlord  
  49  4:06  Overlord  
  49  4:10  Queen  
  49  4:12  Drone  
  49  4:14  Drone  
  49  4:15  Drone  
  54  4:18  Drone  
  54  4:19  Drone  
  54  4:21  Drone  
  57  4:25  Zergling x6  
  57  4:26  Drone  
  57  4:29  Drone  
  57  4:30  Zergling x2  
  63  4:31  Drone  
  63  4:36  Lair  
  63  4:37  Drone  
  64  4:42  Extractor, Drone x2  
  64  4:43  Drone  
  64  4:44  Extractor, Drone  
  66  4:49  Drone, Evolution Chamber  
  66  4:50  Drone  
  69  4:52  Drone x2  
  69  4:58  Drone x3  
  72  5:04  Drone  
  73  5:11  Overlord  
  73  5:13  Overlord  
  73  5:15  Extractor, Zerg Missile Weapons Level 1  
  73  5:16  Extractor  
  73  5:19  Overlord  
  73  5:21  Overlord, Drone x2  
  73  5:26  Overlord  
  73  5:27  Overlord  
  73  5:30  Overlord  
  73  5:31  Drone x4  
  79  5:35  Drone x2  
  79  5:38  Drone  
  79  5:39  Drone  
  81  5:45  Drone x2  
  81  5:46  Drone x2  
  85  5:52  Hydralisk Den  
  85  5:55  Drone x2  
  85  5:56  Drone  
  86  6:06  Overlord  
  86  6:10  Overlord  
  85  6:22  Grooved Spines, Hydralisk x10  
  105  6:28  Hydralisk x3  
  105  6:29  Hatchery  
  110  6:37  Hydralisk  
  110  6:38  Hydralisk x2  
  115  6:53  Hydralisk x3  
  115  6:54  Hydralisk x3  
  113  7:00  Hydralisk  
  123  7:04  Overlord  
  119  7:15  Overlord  
  119  7:16  Overlord x2, Queen x3  
  119  7:17  Hydralisk x3  
  119  7:20  Drone x2  
  130  7:29  Drone x3  
  134  7:30  Drone x4  
  134  7:33  Spore Crawler, Muscular Augments  
  134  7:35  Hydralisk  
  132  7:37  Hydralisk x2  
  132  7:39  Hydralisk  
  132  7:40  Hydralisk  
  132  7:41  Drone  
  132  7:44  Zerg Missile Weapons Level 2  
  141  7:48  Spore Crawler  
  141  7:49  Glial Reconstitution  
  140  7:58  Spore Crawler, Drone  
  141  8:03  Drone  
  141  8:04  Extractor  
  138  8:05  Hydralisk  
  138  8:06  Hydralisk x2  
  138  8:07  Roach x3  
  138  8:08  Roach  
  138  8:10  Roach  
  138  8:11  Queen  
  156  8:16  Roach  
  156  8:17  Roach  
  156  8:19  Roach  
  162  8:24  Roach  
  162  8:25  Roach x2  
  168  8:34  Overlord x3  
  168  8:41  Overlord  
  166  8:43  Overlord x2  
  166  8:46  Roach  
  167  8:48  Overlord, Infestation Pit  
  167  8:51  Overlord  
  167  8:53  Roach x6  
  167  8:55  Roach x2  
  181  9:04  Roach x2  
  181  9:09  Roach x4  
  193  9:13  Hatchery  
  193  9:15  Drone x2  
  194  9:22  Drone x6  
  200  9:24  Hive  
  200  9:28  Overseer x2  
  200  9:39  Roach  
  200  9:43  Roach  
  200  9:44  Roach  
  200  9:45  Roach x4  
  200  9:47  Roach x2  
  200  9:49  Roach  
  186  10:00  Zerg Ground Armor Level 1  
  186  10:01  Roach x2  
  186  10:02  Hydralisk x7  
  186  10:06  Roach x2  
  182  10:14  Swarm Host, Roach x2  
  176  10:15  Roach x3  
  176  10:16  Roach  
  176  10:21  Roach x3  
  187  10:22  Overlord  
  183  10:30  Roach x4  
  183  10:31  Lurker Den  
  190  10:36  Roach x2  
  190  10:38  Evolution Chamber  
  190  10:39  Viper x2  
  193  10:56  Roach x3  
  171  10:57  Roach x3  
  171  10:58  Roach  
  171  10:59  Hydralisk x3  
  171  11:00  Hydralisk x3  
  171  11:03  Roach x2  
  181  11:07  Roach x2  
  181  11:09  Roach  
  185  11:16  Roach x3  
  185  11:20  Zerg Missile Weapons Level 3  
  185  11:21  Roach x2  
  185  11:23  Roach x2  
  185  11:24  Roach  
  191  11:26  Roach  
  191  11:31  Roach  
  191  11:36  Adaptive Talons  
  191  11:38  Hydralisk x3  
  197  11:43  Roach  
  199  11:53  Hatchery  
  198  11:57  Drone x2  
  200  12:03  Zerg Ground Armor Level 2  
  195  12:20  Hydralisk x7  
  193  12:33  Seismic Spines  
  179  12:41  Hydralisk  
  179  12:42  Hydralisk x8  
  189  12:44  Roach x3  
  185  12:53  Hydralisk x2  
  185  12:54  Roach x2  
  183  13:04  Roach  
  177  13:06  Roach  
  177  13:07  Roach x2  
  171  13:15  Roach x2  
  165  13:23  Roach  
  165  13:24  Roach  
  157  13:27  Roach x9  
  157  13:33  Lurker x2  
  175  13:36  Zergling x10  
  175  13:37  Zergling x4  
  182  13:44  Zergling x8  
  186  13:50  Zergling x8  
  190  13:56  Zergling x6  
  190  13:57  Zergling x2  
  190  13:58  Lurker  
  190  13:59  Lurker x3  
  190  14:01  Zergling x2  
  190  14:02  Zergling x4  
  158  14:24  Hydralisk  
  158  14:25  Hydralisk x12  
  158  14:27  Roach  
  158  14:28  Roach  
  158  14:29  Roach  
  158  14:31  Roach  
  171  14:33  Hydralisk  
  173  14:39  Drone x3  
  173  14:40  Drone x3  
  173  14:44  Drone x2  
  173  14:45  Extractor  
  154  14:59  Lurker x3  
  149  15:02  Hydralisk  
  149  15:03  Hydralisk x2  
  149  15:04  Roach  
  149  15:05  Roach x5  
  168  15:07  Roach  
  168  15:12  Roach x4  
  171  15:14  Roach  
  171  15:15  Roach  
  177  15:21  Roach x4  
  177  15:22  Roach  
  177  15:23  Roach  
  177  15:26  Zergling x2  
  177  15:27  Zergling x4  
  190  15:32  Roach x2  
  191  15:38  Roach  
  189  15:46  Roach x3  
  191  15:51  Roach x2  
  191  15:55  Lurker x4  
  195  15:58  Zergling x2  
  192  16:07  Zergling x2  
  192  16:08  Zergling x14  
  190  16:17  Zergling x14  
  193  16:21  Extractor x2  
  192  16:30  Hatchery  
Show
View Real Time Build Order
Export as new Build Order

PartinG Protoss 

Build Orders: 1 Gate Expand, Oracle Opening 

Get SALT Encoding   

  12  0:00  Probe  
  13  0:13  Pylon  
  13  0:17  Probe (Chrono Boost)  
  14  0:27  Probe (Chrono Boost)  
  15  0:32  Probe (Chrono Boost)  
  16  0:41  Gateway  
  16  0:43  Probe  
  16  0:47  Assimilator  
  17  0:55  Probe  
  18  1:08  Probe  
  19  1:20  Probe  
  20  1:27  Nexus  
  20  1:34  Cybernetics Core  
  20  1:37  Probe  
  21  1:42  Assimilator  
  21  1:49  Probe  
  21  1:52  Pylon  
  22  2:01  Probe  
  22  2:08  Adept (Chrono Boost)  
  23  2:10  Warp Gate  
  23  2:13  Probe  
  26  2:25  Probe (Chrono Boost)  
  26  2:27  Stargate  
  27  2:35  Stalker (Chrono Boost)  
  30  2:38  Probe (Chrono Boost)  
  31  2:44  Probe (Chrono Boost)  
  31  2:45  Probe (Chrono Boost)  
  32  2:52  Probe x2  
  34  3:00  Gateway  
  34  3:04  Void Ray (Chrono Boost), Probe x2  
  36  3:16  Probe x2  
  36  3:18  Pylon  
  42  3:23  Adept  
  44  3:28  Probe x2  
  44  3:33  Assimilator  
  46  3:34  Assimilator  
  46  3:37  Oracle (Chrono Boost)  
  46  3:40  Probe  
  50  3:41  Probe  
  51  3:50  Pylon  
  51  3:57  Probe x2  
  53  4:08  Nexus  
  53  4:10  Pylon, Probe  
  53  4:12  Probe  
  55  4:18  Pylon  
  55  4:19  Void Ray (Chrono Boost)  
  55  4:28  Probe (Chrono Boost)  
  55  4:29  Probe (Chrono Boost)  
  62  4:39  Probe (Chrono Boost)  
  62  4:40  Stargate  
  62  4:43  Stargate  
  62  4:44  Probe (Chrono Boost)  
  63  4:46  Probe (Chrono Boost)  
  63  4:48  Shield Battery  
  64  4:54  Probe  
  64  4:57  Probe  
  64  4:59  Phoenix (Chrono Boost)  
  66  5:01  Pylon  
  66  5:06  Probe  
  69  5:09  Probe  
  70  5:17  Phoenix (Chrono Boost)  
  70  5:19  Pylon  
  72  5:21  Probe x2  
  72  5:22  Probe  
  72  5:24  Assimilator  
  72  5:25  Assimilator  
  72  5:28  Pylon  
  77  5:34  Phoenix (Chrono Boost)  
  77  5:35  Phoenix (Chrono Boost)  
  79  5:40  Probe x3  
  79  5:42  Phoenix (Chrono Boost)  
  84  5:50  Phoenix (Chrono Boost)  
  84  5:53  Phoenix  
  84  5:54  Robotics Facility  
  88  5:59  Probe x2  
  88  6:00  Phoenix  
  92  6:08  Probe  
  92  6:11  Probe x2  
  94  6:12  Phoenix  
  94  6:17  Forge  
  97  6:20  Twilight Council  
  97  6:21  Phoenix  
  99  6:26  Phoenix  
  99  6:28  Probe x2  
  99  6:29  Pylon, Probe  
  104  6:39  Robotics Facility  
  104  6:42  Robotics Bay, Observer  
  105  6:52  Phoenix  
  105  7:01  Probe x3  
  108  7:14  Zealot x2, Blink (Chrono Boost)  
  108  7:15  Protoss Ground Weapons Level 1 (Chrono Boost)  
  108  7:20  Probe x2  
  110  7:26  Gateway  
  110  7:28  Gateway  
  110  7:29  Colossus (Chrono Boost)  
  106  7:30  Colossus (Chrono Boost)  
  106  7:32  Probe  
  119  7:40  Photon Cannon  
  119  7:41  Probe  
  119  7:42  Photon Cannon x2  
  120  7:44  Probe, Photon Cannon  
  120  7:45  Extended Thermal Lance (Chrono Boost), Shield Battery  
  120  7:46  Gateway  
  120  7:47  Gateway  
  120  7:50  Sentry, Gateway  
  123  8:00  Gateway  
  123  8:05  Stalker  
  125  8:19  Gateway  
  125  8:20  Pylon  
  125  8:21  Pylon  
  125  8:22  Pylon x2  
  125  8:24  Pylon  
  125  8:35  Pylon  
  125  8:37  Colossus (Chrono Boost), Observer  
  125  8:38  Warp Prism (Chrono Boost)  
  133  8:43  Sentry x5  
  133  8:46  Stalker x2  
  145  8:48  Nexus  
  145  8:52  Photon Cannon x2  
  145  8:54  Shield Battery  
  139  8:57  Pylon  
  139  9:00  Shield Battery  
  139  9:04  Sentry  
  141  9:16  Stalker x7  
  155  9:18  Sentry  
  157  9:30  Stalker  
  159  9:33  Assimilator  
  159  9:34  Assimilator  
  155  9:47  Stalker x8  
  122  10:12  Stalker x2  
  122  10:13  Stalker x7  
  130  10:18  Probe  
  130  10:19  Probe  
  133  10:21  Probe  
  133  10:23  Protoss Ground Weapons Level 2 (Chrono Boost)  
  133  10:31  Probe  
  134  10:38  Stalker x6  
  146  10:43  Stalker  
  146  10:44  Stalker x2  
  110  11:06  Stalker x7  
  110  11:11  Stalker x2  
  118  11:24  Warp Prism (Chrono Boost), Colossus (Chrono Boost)  
  126  11:40  Stalker x7  
  136  11:56  Stalker  
  136  11:57  Stalker  
  136  12:00  Shield Battery, Colossus (Chrono Boost)  
  136  12:01  Shield Battery  
  140  12:05  Colossus (Chrono Boost)  
  143  12:11  Stalker x4  
  155  12:19  Stalker  
  133  12:38  Colossus (Chrono Boost)  
  133  12:41  Stalker x5  
  132  12:46  Stalker x3  
  132  12:51  Warp Prism  
  109  13:07  Stalker x4  
  93  13:33  Stalker x7  
  107  13:37  Sentry x2  
  111  14:08  Stalker x7  
  125  14:16  Observer (Chrono Boost)  
  125  14:17  Observer (Chrono Boost)  
  123  14:23  Stalker x2  
  95  14:32  Stalker x2  
  95  14:34  Stalker x2  
  95  14:37  Observer  
  103  14:40  Stalker  
  104  14:52  Stalker x2  
  98  15:05  Sentry  
  98  15:06  Sentry x5  
  109  15:24  Stalker x2  
  91  15:51  Stalker x4  
Tags
 
Add a new tag
Caveats
  • Supply blocks, unpowered buildings, or Contaminate may cause inaccurate times.
  • Supply counts are checked every 10 seconds.